[Event "Team 45 45 League T34"]
[Site "Internet Chess Club"]
[Date "2007.08.07"]
[Round "3"]
[White "Karpyan"]
[Black "Zornorph"]
[Result "0-1"]
[WhiteElo "1935"]
[BlackElo "1990"]
[Opening "Philidor: Improved Hanham variation"]
[ECO "B07"]
[Time "15:04:42"]
[TimeControl "2700+45"]

1. e4 d6 2. d4 Nf6 3. Nc3 Nbd7 4. Nf3 e5 5. Bc4 Be7 6. h3 O-O 7. Be3 c6 8. Bb3
b5 9. a3 a6 10. O-O Qc7 11. Re1 Re8 12. Ng5 Rf8 13. Qd2 Bb7 14. Rad1 c5 15. dxc5
dxc5 16. Bd5 b4 17. axb4 cxb4 18. Na2 a5 19. c4 h6 20. Bxb7 Qxb7 21. Nf3 Rfd8
22. Qe2 Qxe4 23. Bc1 Qxe2 24. Rxe2 Rac8 25. Red2 e4 26. Nd4 Rxc4 27. b3 Rcc8 28.
Bb2 Nc5 29. Nf5 Kf8 30. Nxe7 Kxe7 31. Rxd8 Rxd8 32. Rxd8 Kxd8 33. Nc1 Ke7 34.
Kf1 g6 35. Bd4 Nfd7 36. Ke2 Ke6 37. Be3 h5 38. Kd2 Kd5 39. Kc2 f6 40. Ne2 Nd3
41. Nc1 Ne1+ 42. Kb2 Nxg2 43. Bd2 g5 44. Ne2 h4 45. Kc2 Ne5 46. f4 exf3 {White
resigns} 0-1

[Event "Team 45 45 League T34"]
[Site "Internet Chess Club"]
[Date "2007.08.04"]
[Round "3"]
[White "kabindra"]
[Black "gong"]
[Result "1-0"]
[WhiteElo "1753"]
[BlackElo "1704"]
[Opening "Scotch gambit: Benima defense"]
[ECO "C44"]
[Time "10:42:49"]
[TimeControl "2700+45"]

1. e4 e5 2. Nf3 Nc6 3. d4 exd4 4. Bc4 Be7 5. c3 d6 6. Qb3 Na5 7. Bxf7+ Kf8 8.
Qa4 Kxf7 9. Qxa5 Nf6 10. e5 b6 11. Qb5 Bd7 12. Qb3+ Be6 13. Ng5+ Ke8 14. Nxe6
Qd7 15. exf6 Bxf6 16. Nxd4 Kd8 17. O-O Kc8 18. Na3 Re8 19. Be3 Kb7 20. Qd5+ c6
21. Qf3 Rac8 22. Rfd1 d5 23. c4 Be5 24. cxd5 c5 25. d6+ Kb8 26. Ndb5 Rf8 27. Qe4
Rce8 28. Qd5 Rf5 29. Qb3 h5 30. Nc4 Bf6 31. Nc7 Rxe3 32. Nxe3 Rf4 33. Qd5 {Black
resigns} 1-0

[Event "Team 45 45 League T34"]
[Site "Internet Chess Club"]
[Date "2007.08.03"]
[Round "3"]
[White "Nidus"]
[Black "jaybird"]
[Result "1-0"]
[WhiteElo "1844"]
[BlackElo "1639"]
[Opening "Sicilian: Smith-Morra gambit"]
[ECO "B21"]
[Time "20:35:31"]
[TimeControl "2700+45"]

1. e4 c5 2. d4 cxd4 3. c3 dxc3 4. Nxc3 Nc6 5. Nf3 a6 6. Bc4 e6 7. O-O Qc7 8. Qe2
Ne5 9. Nxe5 Qxe5 10. Be3 Nf6 11. f4 Qh5 12. Rf3 Bc5 13. Bxc5 Qxc5+ 14. Kh1 O-O
15. e5 Nd5 16. Ne4 Qa5 17. Bxd5 Qxd5 18. Nf6+ gxf6 19. Rg3+ Kh8 20. Qg4 {Black
resigns} 1-0

[Event "Team 45 45 League T34"]
[Site "Internet Chess Club"]
[Date "2007.08.06"]
[Round "3"]
[White "tammany"]
[Black "Konstantinos"]
[Result "1-0"]
[WhiteElo "1761"]
[BlackElo "1589"]
[Opening "Ruy Lopez: old Steinitz defense"]
[ECO "C62"]
[Time "19:01:51"]
[TimeControl "2700+45"]

1. e4 e5 2. Nf3 Nc6 3. Bb5 d6 4. c3 Bd7 5. O-O Nf6 6. Re1 Be7 7. d4 exd4 8. cxd4
O-O 9. d5 Ne5 10. Bxd7 Nexd7 11. Nc3 h6 12. Be3 Re8 13. Bd4 a6 14. a4 b6 15. e5
dxe5 16. Nxe5 Nxe5 17. Rxe5 Bd6 18. Rf5 Qd7 19. Qf3 Nh7 20. Ne4 f6 21. Bxf6 gxf6
22. Nxf6+ Nxf6 23. Rxf6 Rf8 24. Rg6+ Kh7 25. Qh5 Bf4 26. Re1 Rg8 27. Ree6 Rg7
28. g3 Qxe6 29. Rxg7+ Kxg7 30. dxe6 Bd6 31. Qf7+ {Black resigns} 1-0

[Event "Team 45 45 League T34"]
[Site "Internet Chess Club"]
[Date "2007.08.03"]
[Round "3"]
[White "VanillaQueen"]
[Black "superplayer"]
[Result "1-0"]
[WhiteElo "1834"]
[BlackElo "1710"]
[Opening "Caro-Kann: two knights variation"]
[ECO "A00"]
[Time "14:01:10"]
[TimeControl "2700+45"]

1. Nc3 d5 2. Nf3 c6 3. e4 d4 4. Ne2 c5 5. Ng3 Nc6 6. Bc4 Bg4 7. Bxf7+ Kd7 8. h3
Ne5 9. Nxe5+ Kc7 10. Qxg4 Nf6 11. Qf4 Kb6 12. Nc4+ Ka6 13. Qf3 b6 14. e5 Ne8 15.
Bd5 {Black resigns} 1-0

[Event "Team 45 45 League T34"]
[Site "Internet Chess Club"]
[Date "2007.08.02"]
[Round "3"]
[White "Chess2Play"]
[Black "Ingo"]
[Result "0-1"]
[WhiteElo "1653"]
[BlackElo "1769"]
[Opening "QGD: Albin counter-gambit, 5.g3"]
[ECO "D09"]
[Time "11:29:16"]
[TimeControl "2700+45"]

1. d4 d5 2. c4 e5 3. dxe5 d4 4. Nf3 Nc6 5. g3 Be6 6. Nbd2 Qd7 7. Bg2 f6 8. exf6
Nxf6 9. O-O O-O-O 10. Ng5 Ne5 11. Nxe6 Qxe6 12. Qb3 c6 13. Qa4 Kb8 14. Ne4 Nxe4
15. Bxe4 Nxc4 16. Bf3 Ne5 17. Bf4 h5 18. Rac1 Bd6 19. Bxe5 Bxe5 20. Rfd1 h4 21.
Qb3 Qxb3 22. axb3 hxg3 23. fxg3 Rh6 24. Rc5 Bd6 25. Rf5 Rdh8 26. Rxd4 g6 27. Rg5
Be7 28. Ra5 b6 29. Raa4 Bc5 30. Bxc6 Rxh2 31. Bg2 Bxd4+ 32. Rxd4 Kc7 33. Rc4+
Kd7 34. Ra4 a5 35. Rd4+ Ke6 36. Re4+ Kf5 37. g4+ Kg5 38. Bf3 R2h3 39. Re6 Rb8
40. Rd6 b5 41. Kg2 Rh7 42. Rd5+ Kf6 43. g5+ Ke6 44. Rc5 Rd7 45. Bg4+ Kd6 46. Rc3
Rc7 47. Rd3+ Ke5 48. Bf3 Rc5 49. Re3+ Kf4 50. Re6 Rxg5+ 51. Kf2 Kf5 52. Ra6 a4
53. bxa4 bxa4 54. Rxa4 Rxb2 55. Be4+ Ke5 56. Kf3 Rb3+ 57. e3 Rg1 58. Ra5+ Kf6
59. Ra6+ Kg7 60. Ra7+ Kh6 61. Ra8 Re1 62. Bxg6 Rbxe3+ 63. Kf4 Kxg6 {White
resigns} 0-1

[Event "Team 45 45 League T34"]
[Site "Internet Chess Club"]
[Date "2007.08.07"]
[Round "3"]
[White "WillsGambit"]
[Black "Egmont"]
[Result "1-0"]
[WhiteElo "1674"]
[BlackElo "1695"]
[Opening "Dutch with c4 & Nc3"]
[ECO "A85"]
[Time "10:03:20"]
[TimeControl "2700+45"]

1. d4 f5 2. c4 Nf6 3. Nc3 g6 4. e3 c6 5. h4 Bg7 6. h5 Nxh5 7. Rxh5 gxh5 8. Qxh5+
Kf8 9. Nf3 d6 10. Bd3 Qe8 11. Qh2 Na6 12. a3 Nc7 13. e4 e6 14. Qxd6+ Qe7 15. Qh2
a6 16. Bg5 Bf6 17. Bxf6 Qxf6 18. Qxc7 h6 19. e5 Qg6 20. O-O-O Rh7 21. Qd8+ Kg7
22. d5 Rh8 23. Qe7+ Kg8 24. d6 Rh7 25. Qd8+ Kg7 26. d7 {Black resigns} 1-0

[Event "Team 45 45 League T34"]
[Site "Internet Chess Club"]
[Date "2007.08.04"]
[Round "3"]
[White "NFK"]
[Black "FiendAngelical"]
[Result "0-1"]
[WhiteElo "1736"]
[BlackElo "1829"]
[Opening "Sicilian: Nimzovich-Rossolimo attack (without ...d6)"]
[ECO "B30"]
[Time "14:02:07"]
[TimeControl "2700+45"]

1. e4 c5 2. Nf3 Nc6 3. Bb5 e6 4. Nc3 Nge7 5. O-O a6 6. Bxc6 Nxc6 7. d4 cxd4 8.
Nxd4 Bc5 9. Nxc6 bxc6 10. Qg4 Qf6 11. Qh5 Bd4 12. Nd1 Qe5 13. Qxe5 Bxe5 14. f4
Bc7 15. f5 exf5 16. exf5 Be5 17. Re1 d6 18. f6 gxf6 19. b3 Rg8 20. Bb2 Bh3 21.
g3 h5 22. Nf2 Bf5 23. Rad1 O-O-O 24. Bxe5 fxe5 25. Ne4 Bxe4 26. Rxe4 f5 27. Rh4
Rg5 28. c4 f4 29. Kf2 fxg3+ 30. hxg3 Rf8+ 31. Kg2 Kc7 32. Rd3 Rf4 33. Kh3 Rf2
34. a3 Ra2 35. b4 Rf2 36. Re3 Rgf5 37. Rhe4 R2f3 38. Kh4 Rxe3 39. Rxe3 Kd7 40.
g4 hxg4 41. Kxg4 Rf4+ 42. Kg5 Rxc4 43. Kf6 Rf4+ 44. Kg7 Ke7 45. Kg6 Ke6 46. Kg5
c5 47. bxc5 dxc5 48. Rb3 Ra4 49. Kg6 Kd5 50. Kf6 c4 51. Rh3 Kd4 52. Kf5 e4
{White resigns} 0-1

[Event "Team 45 45 League T34"]
[Site "Internet Chess Club"]
[Date "2007.08.02"]
[Round "3"]
[White "hidude"]
[Black "BrerRabbit"]
[Result "0-1"]
[WhiteElo "1464"]
[BlackElo "1585"]
[Opening "Sicilian defense"]
[ECO "B44"]
[Time "18:03:49"]
[TimeControl "2700+45"]

1. e4 c5 2. Nf3 e6 3. d4 cxd4 4. Nxd4 Nc6 5. Be3 Nf6 6. f3 d5 7. Bb5 Bd7 8. exd5
Nxd4 9. Bxd7+ Qxd7 10. Qxd4 Qxd5 11. Qh4 Qe5 12. Qf2 Bc5 13. Kd2 Rd8+ 14. Ke2
Nd5 15. Re1 Qxe3+ 16. Qxe3 Bxe3 17. c4 Bd4 18. cxd5 Bxb2 19. Nd2 Bxa1 20. Rxa1
Rxd5 21. Rc1 Kd7 22. Nb3 Rc8 23. Ra1 Rc2+ 24. Kf1 b6 25. h3 Kc6 26. a4 Rd3 27.
Rb1 Rcc3 28. Na1 Ra3 29. Rc1+ Rdc3 30. Rd1 Rxa4 31. Kf2 Rac4 32. Kg3 Rc1 33.
Rxc1 Rxc1 34. Nb3 Rd1 35. Kf2 a5 36. Ke2 Rd5 37. g4 a4 38. Nd2 Rxd2+ 39. Kxd2
Kd5 40. Kc3 Ke5 41. Kb4 Kf4 42. Kxa4 Kxf3 43. Kb5 e5 44. Kxb6 e4 45. Kc5 e3 46.
Kd4 e2 47. Kd3 Kf2 48. Kd2 e1=Q+ 49. Kd3 Qe3+ 50. Kc2 Ke2 51. h4 Qd3+ 52. Kc1
Qd2+ 53. Kb1 Kd3 54. Ka1 Kc3 55. Kb1 Qb2# {White checkmated} 0-1

[Event "Team 45 45 League T34"]
[Site "Internet Chess Club"]
[Date "2007.08.06"]
[Round "3"]
[White "Allessia"]
[Black "JustinSane"]
[Result "1-0"]
[WhiteElo "2227"]
[BlackElo "2245"]
[Opening "French: Tarrasch"]
[ECO "C03"]
[Time "15:06:55"]
[TimeControl "2700+45"]

1. e4 e6 2. d4 d5 3. Nd2 Be7 4. e5 Nh6 5. Bd3 c5 6. c3 Nc6 7. Ndf3 cxd4 8. cxd4
Qb6 9. Ne2 Nf5 10. O-O O-O 11. Bb1 f6 12. g4 Nh6 13. Bxh6 gxh6 14. Qd3 Rf7 15.
b3 Bd7 16. a3 Raf8 17. exf6 Bxf6 18. h3 Ne7 19. Qe3 Bb5 20. Ra2 Ng6 21. Bxg6
hxg6 22. a4 Ba6 23. a5 Qb4 24. Ra4 Qb5 25. Ra2 Bg7 26. Ne5 Bxe5 27. dxe5 g5 28.
Rc1 Rf3 29. Qxa7 Qxb3 30. Rd2 Rxh3 31. Ng3 Qf3 32. Qd4 Rf4 33. Qb6 Qxg4 34. Rc3
h5 35. Rxd5 exd5 36. Qg6+ Kh8 37. Qe8+ {Black resigns} 1-0

[Event "Team 45 45 League T34"]
[Site "Internet Chess Club"]
[Date "2007.08.06"]
[Round "3"]
[White "livis"]
[Black "Ozgur-Bjk"]
[Result "0-1"]
[WhiteElo "1991"]
[BlackElo "2178"]
[Opening "Sicilian: Smith-Morra gambit"]
[ECO "B21"]
[Time "14:06:38"]
[TimeControl "2700+45"]

1. e4 c5 2. d4 cxd4 3. Bd3 Nc6 4. f4 e5 5. Nf3 d6 6. a3 Nf6 7. O-O Be7 8. h3 O-O
9. b4 a6 10. Qe1 Bd7 11. Nh2 Nh5 12. Rf3 Nxf4 13. Bxf4 exf4 14. Rxf4 Bg5 15. Rf1
Be3+ 16. Kh1 Ne5 17. Nd2 Rc8 18. Ndf3 Ba4 19. Nxe5 dxe5 20. Ng4 f6 21. Nxe3 dxe3
22. Qxe3 Rc3 23. Qe2 Qc7 24. Rf2 Rc8 25. Ra2 Bd7 26. a4 Qd6 27. b5 a5 28. Ra1
Be6 29. Qd1 Qc5 30. Rd2 Ra3 31. Rxa3 Qxa3 32. Be2 Rf8 33. Rd8 Qe7 34. Rd6 Rc8
35. c4 h6 36. Qd2 Kh7 37. Rxe6 Qxe6 38. Bg4 Qxc4 39. Bxc8 Qxc8 40. Qxa5 Qc1+ 41.
Kh2 Qf4+ 42. Kg1 Qxe4 43. Qa7 Kg6 44. Qb6 h5 45. a5 h4 46. a6 Qb1+ 47. Kh2 bxa6
48. Qxa6 Qd3 49. Qa5 e4 50. b6 Qg3+ 51. Kg1 e3 52. Qb5 Qf2+ 53. Kh2 e2 54. Qe8+
Kg5 55. Qb5+ Kh6 {White resigns} 0-1

[Event "Team 45 45 League T34"]
[Site "Internet Chess Club"]
[Date "2007.08.06"]
[Round "3"]
[White "zoneblitz"]
[Black "aksuw"]
[Result "1/2-1/2"]
[WhiteElo "2072"]
[BlackElo "2041"]
[Opening "Pirc: classical system, 5.Be2"]
[ECO "B08"]
[Time "20:02:31"]
[TimeControl "2700+45"]

1. e4 d6 2. d4 Nf6 3. Nc3 g6 4. Nf3 Bg7 5. Be2 O-O 6. O-O Bg4 7. h3 Bxf3 8. Bxf3
Nc6 9. d5 Ne5 10. Be2 c6 11. Be3 Ned7 12. Re1 Qc7 13. a3 a6 14. Qd2 Rfe8 15.
Rad1 Rac8 16. Bd4 c5 17. Bxf6 Bxf6 18. Rb1 b5 19. Bg4 h5 20. Be2 b4 21. Nd1 a5
22. c3 Rb8 23. axb4 axb4 24. Ne3 bxc3 25. bxc3 Rxb1 26. Rxb1 Rb8 27. Rxb8+ Qxb8
28. Qc2 Qa7 {Game drawn by mutual agreement} 1/2-1/2

[Event "Team 45 45 League T34"]
[Site "Internet Chess Club"]
[Date "2007.08.03"]
[Round "3"]
[White "dinamite"]
[Black "Guinness"]
[Result "1-0"]
[WhiteElo "2322"]
[BlackElo "2253"]
[Opening "French: Steinitz, Boleslavsky variation"]
[ECO "C11"]
[Time "20:07:34"]
[TimeControl "2700+45"]

1. e4 e6 2. d4 d5 3. Nc3 Nf6 4. e5 Nfd7 5. f4 c5 6. Nf3 Nc6 7. Be3 a6 8. Qd2 b5
9. dxc5 Bxc5 10. Bd3 Qb6 11. Nd1 Bb7 12. O-O h6 13. Bf2 Rc8 14. c3 b4 15. Rc1
bxc3 16. bxc3 O-O 17. Ne3 f6 18. Rb1 Qc7 19. exf6 Nxf6 20. Ng4 Na5 21. Nxf6+
Rxf6 22. Ne5 Nc6 23. Bxc5 Nxe5 24. Bd4 Nxd3 25. Bxf6 Nc5 26. Bd4 Ne4 27. Qd1 Bc6
28. Qg4 Qf7 29. Rb6 Bb5 30. Re1 Rc6 31. Rb8+ Kh7 32. Re3 Bc4 33. Rh3 Bxa2 34.
Rxh6+ {Black resigns} 1-0

[Event "Team 45 45 League T34"]
[Site "Internet Chess Club"]
[Date "2007.08.02"]
[Round "3"]
[White "WesleyCrusher"]
[Black "izit"]
[Result "1/2-1/2"]
[WhiteElo "2070"]
[BlackElo "2104"]
[Opening "Sicilian: Canal-Sokolsky attack, 3...Bd7"]
[ECO "B52"]
[Time "15:04:20"]
[TimeControl "2700+45"]

1. e4 c5 2. Nf3 d6 3. Bb5+ Bd7 4. Bxd7+ Qxd7 5. O-O Nf6 6. Re1 Nc6 7. c3 e6 8.
d4 cxd4 9. cxd4 d5 10. e5 Ne4 11. Nbd2 Nxd2 12. Bxd2 Be7 13. Rc1 O-O 14. Qa4
Rfc8 15. Qb3 b5 16. Qd3 h6 17. Rc2 Qb7 18. Rec1 a5 19. g4 a4 20. h4 Na7 21. h5
Rxc2 22. Rxc2 Rc8 23. b3 Rc6 24. Ne1 Qc8 25. Rxc6 Qxc6 26. Qc2 Bd8 27. Kf1 Bb6
28. Qd3 Bd8 29. Ke2 Be7 30. Qc2 Qxc2 31. Nxc2 Nc6 32. Kd3 axb3 33. axb3 b4 {Game
drawn by mutual agreement} 1/2-1/2

[Event "Team 45 45 League T34"]
[Site "Internet Chess Club"]
[Date "2007.08.03"]
[Round "3"]
[White "JimGrange"]
[Black "SuperMathBoy"]
[Result "0-1"]
[WhiteElo "1927"]
[BlackElo "2075"]
[Opening "King's Indian: Petrosian system, Stein variation"]
[ECO "E92"]
[Time "13:02:13"]
[TimeControl "2700+45"]

1. d4 Nf6 2. c4 g6 3. Nc3 Bg7 4. e4 d6 5. Nf3 O-O 6. Be2 e5 7. d5 a5 8. Bg5 h6
9. Bh4 g5 10. Bg3 Nh5 11. h4 Nxg3 12. fxg3 g4 13. Nh2 h5 14. O-O c6 15. Rf2 Bh6
16. Nf1 Na6 17. Bd3 Qb6 18. Na4 Qd4 19. Bc2 Nb4 20. a3 Nxc2 21. Qxc2 f5 22. Kh2
f4 23. Kh1 cxd5 24. cxd5 Bd7 25. Nc3 f3 26. Rd1 Qa7 27. Rd3 Rac8 28. a4 Bxa4 29.
b3 Bxb3 30. Qb2 Bc4 31. Rd1 Be2 32. Rxe2 fxe2 33. Nxe2 Rf2 34. Re1 Rcf8 35. Qb1
Bd2 36. Nxd2 Qa6 37. Nd4 exd4 38. e5 dxe5 39. Qc1 Qd3 40. Nf3 gxf3 41. Qg5+ Kf7
42. Qxh5+ Qg6 43. Qxe5 Rxg2 44. d6 Rxg3 45. Qd5+ Kg7 46. Re7+ Kh6 47. Qxd4 Rh3#
{White checkmated} 0-1

[Event "Team 45 45 League T34"]
[Site "Internet Chess Club"]
[Date "2007.08.08"]
[Round "3"]
[White "dedo2"]
[Black "VentasD"]
[Result "0-1"]
[WhiteElo "2278"]
[BlackElo "2177"]
[Opening "Caro-Kann: classical variation"]
[ECO "B18"]
[Time "06:58:59"]
[TimeControl "2700+45"]

1. e4 c6 2. d4 d5 3. Nd2 dxe4 4. Nxe4 Bf5 5. Ng3 Bg6 6. Nf3 e6 7. h4 h6 8. Ne5
Bh7 9. Bc4 Nd7 10. Qe2 Nxe5 11. dxe5 Ne7 12. Bb3 Nf5 13. Nxf5 Bxf5 14. Bd2 Qb6
15. O-O-O O-O-O 16. g4 Bg6 17. h5 Bh7 18. Rh3 Bc5 19. Bc4 Rd7 20. f4 Rhd8 21.
Rb3 Qc7 22. a4 Rd4 23. a5 Be4 24. Ba6 Ra4 25. Kb1 Rxd2 26. Bxb7+ Qxb7 27. Qxd2
Qxb3 28. Qd8+ Kb7 29. Rd7+ Ka6 30. Qc8+ Kxa5 31. Qd8+ Kb5 {White resigns} 0-1

[Event "Team 45 45 League T34"]
[Site "Internet Chess Club"]
[Date "2007.08.06"]
[Round "3"]
[White "cascarillo"]
[Black "mito"]
[Result "1/2-1/2"]
[WhiteElo "2063"]
[BlackElo "2144"]
[Opening "French: Albin-Alekhine-Châtard attack"]
[ECO "C13"]
[Time "16:04:30"]
[TimeControl "2700+45"]

1. e4 e6 2. d4 d5 3. Nc3 Nf6 4. Bg5 Be7 5. e5 Nfd7 6. h4 Bxg5 7. hxg5 Qxg5 8.
Nh3 Qe7 9. Nf4 a6 10. Qg4 g6 11. O-O-O Nc6 12. Rh6 Nf8 13. Bd3 Bd7 14. Nfe2
O-O-O 15. Kb1 Kb8 16. Rdh1 Rc8 17. a3 Na7 18. Qh4 Qxh4 19. R1xh4 c5 20. dxc5
Rxc5 21. Nd4 Rc7 22. f4 Nc8 23. g4 Ne7 24. Rh1 Bc8 25. Nf3 Ng8 26. R6h2 f6 27.
f5 fxe5 28. Nxe5 gxf5 29. gxf5 Nf6 30. fxe6 Bxe6 31. Rh6 N6d7 32. Ng6 Nxg6 33.
Bxg6 Nf8 34. Bd3 Rf7 35. Ne2 Bf5 36. Bxf5 Rxf5 37. Nd4 Rf4 38. c3 Rf7 39. R1h5
Rd7 40. Kc2 Rd8 41. Rf5 Kc8 42. Kd3 Rg8 43. Rf3 Ng6 44. Kc2 Nf8 45. Rf7 Rd7 46.
Rf2 Kb8 47. Rfh2 Rg6 48. Kd3 Rxh6 49. Rxh6 Ng6 50. Nf3 {Game drawn by mutual
agreement} 1/2-1/2

[Event "Team 45 45 League T34"]
[Site "Internet Chess Club"]
[Date "2007.08.05"]
[Round "3"]
[White "pchak87"]
[Black "k009ris"]
[Result "0-1"]
[WhiteElo "2236"]
[BlackElo "2293"]
[Opening "Robatsch (modern) defense"]
[ECO "B06"]
[Time "08:03:39"]
[TimeControl "2700+45"]

1. e4 g6 2. d4 Bg7 3. Nc3 d6 4. h3 a6 5. a4 b6 6. Nf3 Bb7 7. Bc4 e6 8. O-O Ne7
9. Bg5 h6 10. Be3 Nd7 11. Qd2 g5 12. Rab1 Ng6 13. g3 Nf6 14. d5 exd5 15. exd5
Qd7 16. Kg2 O-O 17. Bd4 c5 18. Be3 Nh5 19. Nh2 Bc8 20. Ng4 f5 21. Bd3 Ne7 22.
Nxh6+ Bxh6 23. Bxg5 f4 24. Bxh6 Qxh3+ 25. Kg1 f3 26. Qg5+ Kh8 {White resigns}
0-1

[Event "Team 45 45 League T34"]
[Site "Internet Chess Club"]
[Date "2007.08.12"]
[Round "3"]
[White "BigNEazy"]
[Black "onslaught"]
[Result "0-1"]
[WhiteElo "2224"]
[BlackElo "2194"]
[Opening "QGD Slav: Dutch variation"]
[ECO "D18"]
[Time "14:31:49"]
[TimeControl "2700+45"]

1. d4 Nf6 2. Nf3 c6 3. c4 d5 4. Nc3 dxc4 5. a4 Bf5 6. e3 e6 7. Bxc4 Bb4 8. O-O
Nbd7 9. Qe2 Bg4 10. h3 Bxf3 11. Qxf3 O-O 12. Rd1 Rc8 13. e4 e5 14. dxe5 Nxe5 15.
Qe2 Qa5 16. Bb3 Bxc3 17. bxc3 Qxc3 18. Rb1 Rfd8 19. Bg5 Rxd1+ 20. Bxd1 b6 21.
Bxf6 gxf6 22. f4 Ng6 23. Rb3 Qd4+ 24. Kh2 Rd8 25. Rb1 Nxf4 26. Qg4+ Ng6 27. Bf3
Qe5+ 28. Kg1 Qg5 29. a5 Qxg4 30. Bxg4 Rb8 31. Kf2 Ne5 32. Be2 Kf8 33. Ke3 Ke7
34. Kd4 Kd6 35. Rf1 Ke7 36. Rb1 Nd7 37. Bg4 Nc5 38. Bf5 Ne6+ 39. Kc4 b5+ 40. Kc3
h6 41. Rd1 Rd8 42. Rc1 Nf4 43. Rc2 c5 44. Rf2 Nd3 45. Rf1 a6 46. Rb1 b4+ 47. Kc2
c4 48. Bg4 Rd4 49. Bc8 Rxe4 50. Kd2 Rd4 51. Kc2 Rd6 52. Bf5 b3+ 53. Kc3 Ne5 54.
Re1 Kd8 55. Re2 Kc7 56. Kb4 Rd5 57. Be4 Rb5+ 58. Kc3 Rxa5 59. Rf2 Rb5 60. Rxf6
Rb6 61. Rf5 f6 62. Rh5 b2 63. Bb1 Rb3+ 64. Kc2 Nd3 65. Rxh6 Nb4+ 66. Kd2 Rd3+
67. Ke2 c3 68. Rh7+ Kb6 69. Rh4 Rd2+ 70. Ke1 Nd3+ 71. Bxd3 Rxd3 {White resigns}
0-1

[Event "Team 45 45 League T34"]
[Site "Internet Chess Club"]
[Date "2007.08.04"]
[Round "3"]
[White "chsrules88"]
[Black "jonesey"]
[Result "0-1"]
[WhiteElo "2069"]
[BlackElo "1971"]
[Opening "Ruy Lopez: closed, 7...O-O"]
[ECO "C88"]
[Time "12:59:30"]
[TimeControl "2700+45"]

1. e4 e5 2. Nf3 Nc6 3. Bb5 a6 4. Ba4 Nf6 5. O-O Be7 6. Re1 b5 7. Bb3 O-O 8. h3
Bb7 9. c3 d5 10. exd5 Nxd5 11. Nxe5 Nxe5 12. Rxe5 Nf4 13. d4 Nxg2 14. Qg4 Nh4
15. Nd2 a5 16. Rxb5 Ra6 17. Bc2 f5 18. Qe2 Rg6+ 19. Kf1 Ba6 20. Bd3 Bxb5 21.
Bxb5 Kh8 22. Bc4 Qd6 23. Qe5 Qd7 24. Qd5 Bd6 25. b3 f4 26. Qh1 f3 27. Ne4 Rg2
28. Nxd6 Qxd6 29. Bd3 Rh2 30. Qg1 Rxh3 31. Bd2 Ng2 32. Bc4 Nf4 33. Re1 Qh6 34.
Bxf4 Qxf4 35. Bd5 Qh6 36. Re6 g6 {White resigns} 0-1

[Event "Team 45 45 League T34"]
[Site "Internet Chess Club"]
[Date "2007.08.04"]
[Round "3"]
[White "f5"]
[Black "Checkmates"]
[Result "0-1"]
[WhiteElo "2255"]
[BlackElo "2339"]
[Opening "Sicilian: closed"]
[ECO "B23"]
[Time "14:04:05"]
[TimeControl "2700+45"]

1. e4 c5 2. Nc3 e6 3. Nge2 a6 4. a4 Nc6 5. g3 g6 6. Bg2 Bg7 7. O-O Qa5 8. Ra3
Nge7 9. d3 d6 10. Be3 Nd4 11. Nc1 Qb6 12. Nb3 Nec6 13. f4 Nb4 14. Rf2 Nbxc2 15.
Rxc2 Nxb3 16. e5 Nd4 17. exd6 Nxc2 18. Qxc2 O-O 19. a5 Qxd6 20. Ne4 Qd8 21. Qxc5
Bxb2 22. Rb3 Bg7 23. Qb4 e5 24. Bb6 Qd7 25. fxe5 Bxe5 26. d4 Bg7 27. d5 Re8 28.
Rb1 Qb5 29. Qxb5 axb5 30. Rxb5 Bd7 31. Rb4 Rac8 32. Nc5 Bf5 33. Nxb7 Rc1+ 34.
Kf2 Bc3 35. Nd6 Be1+ 36. Kf3 Rc3+ {White resigns} 0-1

[Event "Team 45 45 League T34"]
[Site "Internet Chess Club"]
[Date "2007.08.03"]
[Round "3"]
[White "fozzy"]
[Black "gyoung"]
[Result "1/2-1/2"]
[WhiteElo "2219"]
[BlackElo "2219"]
[Opening "Dutch: Leningrad, main variation"]
[ECO "A87"]
[Time "15:01:19"]
[TimeControl "2700+45"]

1. d4 f5 2. c4 Nf6 3. Nf3 g6 4. g3 Bg7 5. Bg2 O-O 6. O-O d6 7. d5 Na6 8. Nc3 Qe8
9. Nd4 Bd7 10. e4 fxe4 11. Nxe4 Nxe4 12. Bxe4 c5 13. Ne6 Bxe6 14. dxe6 Nc7 15.
h4 Bd4 16. Qg4 Kg7 17. h5 Rf6 18. hxg6 hxg6 19. Bg5 Rxe6 20. Kg2 Qf7 21. f3 Rh8
22. Rh1 b5 23. Rxh8 Kxh8 24. Rh1+ Kg8 25. b3 b4 26. Re1 Bc3 27. Re2 Kf8 28. Kf1
Qh7 29. Bh4 Qg7 30. Bc6 Qd4 31. Rxe6 Qxg4 32. Bxe7+ Kf7 33. fxg4 Nxe6 34. Bxd6
Kf6 35. Bd7 Be5 36. Bxe6 Bxd6 37. Bd7 Bxg3 {Game drawn by mutual agreement}
1/2-1/2

[Event "Team 45 45 League T34"]
[Site "Internet Chess Club"]
[Date "2007.08.04"]
[Round "3"]
[White "martineden"]
[Black "samikd"]
[Result "1/2-1/2"]
[WhiteElo "1990"]
[BlackElo "2013"]
[Opening "Queen's gambit accepted"]
[ECO "D20"]
[Time "11:14:04"]
[TimeControl "2700+45"]

1. d4 d5 2. c4 dxc4 3. a4 a6 4. e3 e5 5. Bxc4 exd4 6. Nf3 Nc6 7. exd4 Bb4+ 8.
Nc3 Qe7+ 9. Be3 Nf6 10. O-O O-O 11. Re1 Qd6 12. d5 Ne7 13. Bd4 Nexd5 14. Be5
Nxc3 15. bxc3 Qxd1 16. Raxd1 Ba5 17. Bxf6 gxf6 18. Re7 Bf5 19. Rd5 Be6 20. Rxa5
Bxc4 21. Rc5 Bb3 22. Rcxc7 Rac8 23. a5 Rxc7 24. Rxc7 Rd8 25. Nd4 Ba4 26. Rxb7
Rc8 27. f3 Rxc3 28. Rb6 Rc4 29. Rb8+ Kg7 30. Nf5+ Kg6 31. Ne7+ Kh6 32. Rb6 Bb5
33. Rxf6+ Kg7 34. Rb6 Rc1+ 35. Kf2 f6 36. Nd5 Ra1 37. Rxf6 Bc4 38. Rf5 Rxa5 39.
Ne3 Ra2+ 40. Kg3 Be6 {Game drawn by mutual agreement} 1/2-1/2

[Event "Team 45 45 League T34"]
[Site "Internet Chess Club"]
[Date "2007.08.03"]
[Round "3"]
[White "Holzschlange"]
[Black "chiiwen"]
[Result "1/2-1/2"]
[WhiteElo "1943"]
[BlackElo "1939"]
[Opening "Sicilian: accelerated fianchetto, Maróczy bind, 5...Bg7"]
[ECO "B37"]
[Time "13:01:56"]
[TimeControl "2700+45"]

1. e4 c5 2. Nf3 g6 3. d4 cxd4 4. Nxd4 Nc6 5. c4 Bg7 6. Nc2 Nf6 7. Nc3 O-O 8. Be2
d6 9. O-O b6 10. Bd2 Bb7 11. Rc1 Rc8 12. b3 Ne5 13. f4 Ned7 14. Bf3 Nc5 15. Qe2
e6 16. Rcd1 Qe7 17. Rfe1 Rfd8 18. g4 Ne8 19. b4 Nd7 20. Ne3 Ba6 21. e5 dxe5 22.
b5 exf4 23. Nc2 Ne5 24. bxa6 Nxc4 25. Ne4 Nb2 26. Bb4 Qc7 27. Rxd8 Qxd8 28. g5
Qc7 29. Na3 Qd7 30. Qd2 Qc7 31. Nb5 Qc4 32. Ned6 Nxd6 33. Nxd6 Qd4+ 34. Qxd4
Bxd4+ 35. Kf1 Rc2 36. Re2 Rc1+ 37. Re1 Rc2 {Game drawn by mutual agreement}
1/2-1/2

[Event "Team 45 45 League T34"]
[Site "Internet Chess Club"]
[Date "2007.08.02"]
[Round "3"]
[White "sean98"]
[Black "BartL"]
[Result "1/2-1/2"]
[WhiteElo "1622"]
[BlackElo "1726"]
[Opening "Sicilian: Scheveningen variation"]
[ECO "B80"]
[Time "15:30:31"]
[TimeControl "2700+45"]

1. e4 c5 2. Nf3 d6 3. d4 cxd4 4. Nxd4 Nf6 5. Nc3 e6 6. Bg5 Be7 7. f4 Nc6 8. Nxc6
bxc6 9. Qf3 Qb6 10. O-O-O Rb8 11. b3 a5 12. Bxf6 gxf6 13. g4 Qb4 14. Nb1 a4 15.
h4 axb3 16. cxb3 d5 17. e5 Qa5 18. Rh2 Ba6 {Game drawn by mutual agreement}
1/2-1/2

[Event "Team 45 45 League T34"]
[Site "Internet Chess Club"]
[Date "2007.08.03"]
[Round "3"]
[White "HKNIGHT"]
[Black "kingphisch"]
[Result "1-0"]
[WhiteElo "1682"]
[BlackElo "1534"]
[Opening "Queen's pawn game"]
[ECO "D00"]
[Time "13:04:45"]
[TimeControl "2700+45"]

1. d4 d5 2. e3 Nf6 3. f4 Bf5 4. Bd3 e6 5. Nf3 Nc6 6. a3 Be7 7. O-O O-O 8. Ne5 a6
9. Bd2 Re8 10. b4 Ne4 11. Be1 Nxe5 12. fxe5 Bh4 13. Qh5 Qg5 14. Qxh4 Qxe3+ 15.
Bf2 Nxf2 16. Qxf2 Qg5 17. Bxf5 exf5 18. Qxf5 Qe7 19. Nc3 Rad8 20. Rae1 c6 21.
Re3 Rd7 22. Rh3 h6 23. Nd1 b6 24. Qg4 Kh7 25. Ne3 Rg8 26. Qf5+ Kh8 27. Ng4 Qe6
28. Qxe6 fxe6 29. Rhf3 Kh7 30. g3 Kg6 31. Rf8 Kh7 32. R8f7 Rdd8 33. Nf6+ {Black
resigns} 1-0